 Dungeon Crawl Stone Soup version 0.30-a0-509-gd016549fea (webtiles) character file.

Game seed: 15294106865267632437

5846 ryw the Carver (level 10, -4/90 HPs)
             Began as a Hill Orc Hexslinger on Dec 22, 2022.
             Was a Believer of Wu Jian.
             Slain by Grum
             ... wielding a +0 glaive of flaming
              (27 damage)
             ... on level 9 of the Dungeon.
             The game lasted 00:25:29 (8073 turns).

ryw the Carver (Hill Orc Hexslinger)                Turns: 8073, Time: 00:25:30

Health: -4/90      AC: 11    Str: 22    XL:     10   Next: 80%
Magic:  14/16      EV: 17    Int: 17    God:    Wu Jian [**....]
Gold:   521        SH:  0    Dex: 13    Spells: 9/17 levels left

rFire   . . .      SeeInvis .    a - +2 demon blade (elec)
rCold   . . .      Faith    .    (no shield)
rNeg    . . .      Spirit   .    s - +2 ring mail "Ateris" {Int+4}
rPois   .          Reflect  .    j - +1 helmet
rElec   .          Harm     .    h - +0 cloak {Will+}
rCorr   .          Rampage  .    (no gloves)
Will    +....                    e - +0 pair of boots
Stlth   +.........               (no amulet)
HPRegen 0.35/turn                i - +6 ring of strength
MPRegen 0.15/turn                m - +4 ring of evasion

@: on blink cooldown, studying Throwing
A: no striking features
a: Renounce Religion, Wall Jump


You were on level 9 of the Dungeon.
You worshipped Wu Jian.
Wu Jian was pleased with you.
You visited 2 branches of the dungeon, and saw 10 of its levels.
You also visited: Sewer.

You collected 521 gold pieces.

Inventory:

Hand Weapons
 a - a +2 demon blade of electrocution (weapon)
 b - a +1 sling of draining
Missiles
 f - 5 boomerangs of dispersal
 g - 20 poisoned darts
 I - a curare-tipped dart
Armour
 e - a +0 pair of boots (worn)
 h - a +0 cloak of willpower (worn)
 j - a +1 helmet (worn)
 r - a scarf of repulsion
 s - the +2 ring mail "Ateris" (worn) {Int+4}
   (You found it on level 3 of the Dungeon)

   Int:       It affects your intelligence (+4).
 H - the +1 robe "Xaoggit" {rElec rPois Int-2}
   (You found it on level 8 of the Dungeon)

   Int:       It affects your intelligence (-2).
   rElec:     It insulates you from electricity.
   rPois:     It protects you from poison.
Jewellery
 i - a +6 ring of strength (left hand)
 m - a +4 ring of evasion (right hand)
 q - a ring of see invisible
 J - a ring of positive energy
Wands
 c - a wand of polymorph (3)
 n - a wand of paralysis (5)
Scrolls
 d - 2 scrolls of poison
 l - 3 scrolls of teleportation
 u - 2 scrolls of blinking
 A - a scroll of brand weapon
 E - a scroll of fog
Potions
 k - a potion of heal wounds
 o - a potion of cancellation
 p - 2 potions of flight
 t - 2 potions of ambrosia
 v - 2 potions of haste
 w - 3 potions of mutation
 z - a potion of lignification {unknown}
 B - a potion of berserk rage {unknown}
 F - a potion of brilliance {unknown}
 G - a potion of curing


   Skills:
 + Level 8.6 Fighting
 * Level 11.0 Long Blades
 - Level 2.1 Ranged Weapons
 + Level 6.2 Dodging
 - Level 4.0 Spellcasting
 - Level 3.0 Hexes
 + Level 2.1 Translocations
 + Level 2.2 Earth Magic


You had 9 spell levels left.
You knew the following spells:

 Your Spells              Type           Power      Damage    Failure   Level
a - Slow                  Hex            52%        N/A       8%          1
b - Blink                 Tloc           20%        N/A       16%         2
c - Confusing Touch       Hex            13%        N/A       22%         3
d - Passwall              Tmut/Erth      5%         N/A       24%         2

Your spell library contained the following spells:

 Spells                   Type           Power      Damage    Failure   Level
 Sandblast                Erth           22%        2d7       10%         1
 Momentum Strike          Conj/Tloc      14%        3d8       24%         2
 Sting                    Tmut/Pois      12%        1d3       26%         1
 Portal Projectile        Hex/Tloc       24%        N/A       26%         3
 Lesser Beckoning         Tloc           20%        N/A       30%         3
 Poisonous Vapours        Pois/Air       6%         N/A       36%         2
 Inner Flame              Hex/Fire       8%         N/A       38%         3
 Stone Arrow              Conj/Erth      14%        3d7       43%         3
 Vampiric Draining        Necr           3%         2d6       58%         3
 Cause Fear               Hex            6%         N/A       58%         4
 Flame Wave               Conj/Fire      3%         2d5       94%         4
 Olgreb's Toxic Radiance  Pois           3%         N/A       94%         4
 Sticky Flame             Conj/Fire      3%         2d3       94%         4


Dungeon Overview and Level Annotations

Branches:
Dungeon (9/15)             Temple (1/1) D:6           Sewer (visited)
   Lair: D:8-11         Orc: D:9-12

Altars:
Cheibriados
Dithmenos
Elyvilon
Fedhas
Gozag
Hepliaklqana
Kikubaaqudgha
Makhleb
Nemelex Xobeh
Okawaru
Qazlal
Ru
Sif Muna
Trog
Uskayaw
Vehumet
Wu Jian
Xom
Yredelemnul
Zin
The Shining One

Shops:
D:4 (   D:8 (

Annotations:
D:9 Grum


Message History

The troll closely misses you. The troll completely misses you.
The troll misses you.
You spin and attack the wight.
You hit the wight. Lightning courses through the wight!
You destroy the wight!
The Council accepts your kill.
You spin and attack the troll.
You slash the troll!
You kill the troll!
The Council accepts your kill.
The troll leather armour is intact enough to wear.
The killer bee misses you.
A wolf comes into view.
The wolf bites you. The wolf bites you but does no damage.
Your life force feels restored.
Your Long Blades skill increases to level 11!
You see here a wolf corpse.
You spin and attack the killer bee.
The wolf howls!
You hit the killer bee.
The killer bee is lightly wounded.
You hear a shout!
The killer bee barely misses you.
Grum hits you with a +0 glaive of flaming!
Grum burns you.
* * * LOW HITPOINT WARNING * * *
The wight closely misses you. The killer bee barely misses you.
You hit the wolf but do no damage.
The killer bee stings you but does no damage.
The orc yells loudly.
The wight barely misses you. The orc completely misses you.
Grum closely misses you. The wolf misses you. The wolf bites you.
* * * LOW HITPOINT WARNING * * *
Cast which spell? (? or * to list)
Okay, then.
Cast which spell? (? or * to list)
You blink.
A killer bee comes into view.
The wolf closely misses you.
Grum hits you with a +0 glaive of flaming!!
You die...

. #.......<......##..#
..#...................
...... #.............#
#....# #..#..........
#....##..#.........#
#.................#
#.##.##.o.....#.
...###.#gh†)...#..#
.......h@oyh).......
........z###.........
.........# ..........
...........#.........
#..........##....#..#
...y......# .....####
...##.....# .#... ..
##..... .#....


You could see Grum, 3 wolves, 2 killer bees, a wight and 2 orcs.

Vanquished Creatures
  Pikel (D:6)
  A troll (D:9)
  Grinder (D:4)
  A hornet (D:8)
  Sigmund (D:4)
  3 yaks (D:8)
  2 steam dragons
  A wyvern (D:8)
  An acid dragon (D:4)
  2 water moccasins (D:7)
  2 orc warriors (D:6)
  2 sky beasts
  A black bear (D:7)
  An ice beast (D:5)
  2 ogres
  A wolf (D:9)
  2 lemures (D:6)
  4 kobold brigands
  3 phantoms
  A gnoll sergeant (D:6)
  2 necrophages
  6 scorpions
  10 wights
  3 killer bees (D:7)
  3 howler monkeys
  3 jellies
  A gnoll bouda (D:6)
  An orc priest (D:6)
  5 hounds (D:5)
  Jessica (D:3)
  3 iguanas
  Crazy Yiuf (D:2)
  6 orc wizards
  13 gnolls
  8 adders
  3 worms
  3 dart slugs
  17 orcs
  6 bats
  6 endoplasms
  5 giant cockroaches
  7 goblins
  6 hobgoblins
  4 jackals (D:2)
  19 kobolds
  3 quokkas
  17 ball pythons
  2 frilled lizards
  12 rats
209 creatures vanquished.

Vanquished Creatures (others)
  20 plants
20 creatures vanquished.

Grand Total: 229 creatures vanquished

Notes
Turn   | Place    | Note
-------+----------+-------------------------------------------
     0 | D:1      | ryw the Hill Orc Hexslinger began the quest for the Orb.
     0 | D:1      | Reached XP level 1. HP: 16/16 MP: 2/2
   139 | D:1      | Reached XP level 2. HP: 23/23 MP: 3/3
   276 | D:1      | Reached skill level 1 in Long Blades
   392 | D:1      | Reached XP level 3. HP: 29/29 MP: 4/4
   769 | D:2      | Reached skill level 2 in Long Blades
  1023 | D:2      | Reached XP level 4. HP: 36/37 MP: 5/5
  1341 | D:2      | Found a runed translucent door.
  1342 | D:2      | Noticed Crazy Yiuf
  1965 | D:2      | Killed Crazy Yiuf
  2128 | D:3      | Reached skill level 3 in Long Blades
  2128 | D:3      | Reached XP level 5. HP: 44/44 MP: 6/6
  2150 | D:3      | Found a faded altar of an unknown god.
  2208 | D:3      | Identified the +2 ring mail "Ateris" {Int+4}
  2376 | D:3      | Noticed Jessica
  2380 | D:3      | Killed Jessica
  2787 | D:4      | Reached skill level 4 in Long Blades
  2856 | D:4      | Reached XP level 6. HP: 51/51 MP: 7/7
  2930 | D:4      | Found a glowing drain.
  2931 | D:4      | Found a snail-covered altar of Cheibriados.
  2999 | Sewer    | Entered a sewer
  3299 | Sewer    | Reached skill level 5 in Long Blades
  3299 | Sewer    | Reached XP level 7. HP: 37/59 MP: 8/8
  3613 | D:4      | Found Vaories's Antique Weapon Shoppe.
  3669 | D:4      | You fall into a shaft and drop 3 floors!
  3747 | D:6      | Reached skill level 6 in Long Blades
  3828 | D:6      | Found a staircase to the Ecumenical Temple.
  3837 | Temple   | Entered the Ecumenical Temple
  3909 | Temple   | Became a worshipper of the Wu Jian Council
  3958 | D:6      | Noticed Pikel
  3963 | D:6      | Reached skill level 5 in Fighting
  3973 | D:6      | Killed Pikel
  3974 | D:6      | Reached skill level 7 in Long Blades
  3974 | D:6      | Reached XP level 8. HP: 48/70 MP: 9/11
  4168 | D:5      | Entered Level 5 of the Dungeon
  4404 | D:4      | Noticed Sigmund
  4424 | D:4      | Killed Sigmund
  4425 | D:4      | Reached skill level 8 in Long Blades
  4425 | D:4      | Reached XP level 9. HP: 69/77 MP: 11/13
  4638 | D:4      | Noticed Grinder
  4639 | D:4      | Found a blossoming altar of Fedhas.
  4659 | D:4      | Killed Grinder
  4813 | D:4      | Found a shimmering altar of Xom.
  4813 | D:4      | Found a stormy altar of Qazlal.
  5069 | D:5      | Reached * piety under Wu Jian
  5096 | D:5      | Reached skill level 5 in Dodging
  5389 | D:5      | Reached skill level 9 in Long Blades
  5768 | D:6      | Found a shimmering blue altar of Sif Muna.
  5901 | D:6      | Reached ** piety under Wu Jian
  6285 | D:7      | Reached XP level 10. HP: 80/88 MP: 15/15
  6522 | D:7      | Reached skill level 10 in Long Blades
  6621 | D:7      | Learned a level 2 spell: Blink
  6625 | D:7      | Learned a level 3 spell: Confusing Touch
  7184 | D:8      | Reached skill level 1 in Translocations
  7346 | D:8      | Learned a level 2 spell: Passwall
  7384 | D:8      | Reached skill level 1 in Earth Magic
  7388 | D:8      | Identified the +1 robe "Xaoggit" {rElec rPois Int-2}
  7547 | D:8      | Found a glowing silver altar of Zin.
  7647 | D:8      | Found Saukh's Antique Weapon Emporium.
  7793 | D:8      | Paralysed by a hornet for 3 turns
  8061 | D:9      | Noticed Grum
  8071 | D:9      | Reached skill level 11 in Long Blades
  8073 | D:9      | Slain by Grum

Illustrated notes

Levels and vault maps discovered:
D:1:      psy_arrival_whirlpool, layout_basic
D:2:      layout_loops_ring, minivault_19, uniq_crazy_yiuf_cottage
D:3:      layout_basic, hellmonk_ecumenical_altar_lost_god, uniq_jessica
D:4:      layout_loops_ring, nicolae_overflow_two_pavilions,
          kennysheep_slug_shrine, mainiacjoe_overflow_cross_hatched,
          serial_shops, nicolae_shop_behind_doors, gup_sewer_entry_glass,
          st_stairs_3, uniq_sigmund, uniq_grinder
D:5:      layout_basic
D:6:      lemuel_ice_spiral_2, layout_basic, nicolae_sif_muna_little_library,
          temple_fountains, roderic_roman_lattice, serial_bayou_lagoon_a,
          dk_rats_in_the_wall, uniq_pikel
D:7:      layout_rooms
D:8:      layout_basic, zin_treasury, serial_shops, shop
D:9:      layout_cave_pools, david_lair_shrubbed, erik_orc_1, uniq_grum
Temple:   hellmonk_temple_two_chambers

Skill      XL: |  1  2  3  4  5  6  7  8  9 10 |
---------------+-------------------------------+-----
Long Blades    | 1 2 3 4 5 7 8 9 11 | 11.0
Fighting       | 2 3 4 5 6 7 8 |  8.6
Dodging        | 2 3 4 5 6 |  6.2
Ranged Weapons | 2 |  2.1
Spellcasting   | 2 3 4 |  4.0
Translocations | 2 |  2.1
Earth Magic    | 2 |  2.2
Hexes          | |  3.0

Action                   |  1- 3 |  4- 6 |  7- 9 | 10-12 || total
-------------------------+-------+-------+-------+-------++-------
Melee: Demon blade       |   107 |   183 |   250 |   170 ||   710
       Punch             |     1 |       |     5 |     3 ||     9
       Unarmed           |       |     4 |       |       ||     4
 Fire: Sling             |     1 |       |       |       ||     1
 Cast: Slow              |       |    10 |     4 |     2 ||    16
       Confusing Touch   |       |       |       |     3 ||     3
       Blink             |       |       |       |     2 ||     2
Invok: Lunge             |       |       |    26 |    13 ||    39
       Whirlwind         |       |       |    19 |    81 ||   100
 Abil: Wall Jump         |       |       |       |     1 ||     1
  Use: Scroll            |       |     7 |     2 |     5 ||    14
       Potion            |       |     3 |     2 |     1 ||     6
 Stab: Sleeping          |     1 |       |       |       ||     1
Armor: Robe              |    14 |       |       |       ||    14
       Ring mail         |    26 |    38 |    37 |    41 ||   142
Dodge: Dodged            |    95 |   141 |   131 |   143 ||   510

Table legend: (Time is in decaauts)
 A = Elapsed time spent in this place.
 B = Non-inter-level travel time spent in this place.
 C = Inter-level travel time spent in this place.
 D = Time resting spent in this place.
 E = Time spent auto-exploring this place.
 F = Levels seen in this place.
 G = Mean time per level.
                   A        B        C        D        E       F      G
               +--------+--------+--------+--------+--------+-----+--------+
         Total |   8139 |   7834 |    305 |   1050 |   4806 |  11 |  739.9 |
       Dungeon |   7402 |   7097 |    305 |    915 |   4486 |   9 |  822.4 |
        Temple |     78 |     78 |      0 |      0 |     10 |   1 |   78.0 |
         Sewer |    657 |    657 |      0 |    135 |    309 |   1 |  657.0 |
               +--------+--------+--------+--------+--------+-----+--------+

Top non-repeatable levels by time:
     D:6: 1134 daAuts
     D:2: 1082 daAuts
     D:4: 1050 daAuts
     D:8: 962 daAuts
     D:1: 930 daAuts
     D:7: 843 daAuts
     D:3: 763 daAuts
   Sewer: 657 daAuts
     D:5: 601 daAuts
  Temple: 78 daAuts
     D:9: 33 daAuts
